Workbook

Sheet Salary Listing
A1: ABC
A2: PAYROLL FOR | C2: 44743
Q4: 0.11 | R4: 0.13
H5: Gross Salary | J5: OT | L5: Allowance | Q5: EPF | T5: EIS | W5: SOCSO | AB5: Leave Taken | AC5: Annual Leave | AF5: Sick Leave | AI5: OT | AK5: OT-Rest day | AN5: Public Holiday | AS5: Commission | AX5: Balance A/L | AZ5: Total Working Day
B6: Name | C6: IC | D6: Bank Name | E6: Bank Account | F6: Date of Join | G6: Date of resign | H6: Basic | I6: Unpaid leave | J6: Normal | K6: Public holiday | L6: Performance | M6: Travelling | N6: Commission | O6: Bonus | P6: Gross salary | Q6: E'yee-11% | R6: E'yer-13% | S6: Total | T6: E'yee | U6: E'yer | V6: Total | W6: E'yee | X6: E'yer | Y6: Total | Z6: Net Salary | AC6: Entitled | AD6: Taken | AE6: Bal | AF6: Entitled | AG6: Taken | AH6: Bal | AI6: Normal | AJ6: RM/Hr | AK6: 8hrs | AL6: ot | AM6: RM/Hr | AN6: 8hrs | AO6: ot | AP6: OTR 8hrs | AQ6: OTR ot | AR6: RM/Hr | AS6: RM | AT6: Cup | AU6: Cup Sold | AV6: Total | AW6: Others
A7: 1 | B7: Ali | H7: 1000 | I7: -38.46 | J7: 0 | K7: 0 | L7: 100 | M7: 0 | N7: 0 | O7: 0 | P7: =SUM(H7:O7) -> 1061.54 | Q7: =P7*$Q$4 -> 116.7694 | R7: =P7*$R$4 -> 138.0002 | S7: =Q7+R7 -> 254.7696 | T7: 4.7 | U7: =T7 -> 4.7 | V7: =SUM(T7:U7) -> 9.4 | W7: 11.75 | X7: 41.15 | Y7: =SUM(W7:X7) -> 52.9 | Z7: =P7-Q7-T7-W7 -> 928.3206
A8: 2 | P8: =SUM(H8:O8) -> 0 | Q8: =P8*$Q$4 -> 0 | R8: =P8*$R$4 -> 0 | S8: =Q8+R8 -> 0 | V8: =SUM(T8:U8) -> 0 | Y8: =SUM(W8:X8) -> 0 | Z8: =P8-Q8-T8-W8 -> 0
A9: 3 | P9: =SUM(H9:O9) -> 0 | Q9: =P9*$Q$4 -> 0 | R9: =P9*$R$4 -> 0 | S9: =Q9+R9 -> 0 | V9: =SUM(T9:U9) -> 0 | Y9: =SUM(W9:X9) -> 0 | Z9: =P9-Q9-T9-W9 -> 0
A10: 4 | P10: =SUM(H10:O10) -> 0 | Q10: =P10*$Q$4 -> 0 | R10: =P10*$R$4 -> 0 | S10: =Q10+R10 -> 0 | V10: =SUM(T10:U10) -> 0 | Y10: =SUM(W10:X10) -> 0 | Z10: =P10-Q10-T10-W10 -> 0
A11: 5 | P11: =SUM(H11:O11) -> 0 | Q11: =P11*$Q$4 -> 0 | R11: =P11*$R$4 -> 0 | S11: =Q11+R11 -> 0 | V11: =SUM(T11:U11) -> 0 | Y11: =SUM(W11:X11) -> 0 | Z11: =P11-Q11-T11-W11 -> 0
A12: 6 | P12: =SUM(H12:O12) -> 0 | Q12: =P12*$Q$4 -> 0 | R12: =P12*$R$4 -> 0 | S12: =Q12+R12 -> 0 | V12: =SUM(T12:U12) -> 0 | Y12: =SUM(W12:X12) -> 0 | Z12: =P12-Q12-T12-W12 -> 0
A13: 7 | P13: =SUM(H13:O13) -> 0 | Q13: =P13*$Q$4 -> 0 | R13: =P13*$R$4 -> 0 | S13: =Q13+R13 -> 0 | V13: =SUM(T13:U13) -> 0 | Y13: =SUM(W13:X13) -> 0 | Z13: =P13-Q13-T13-W13 -> 0
B14: TOTAL | H14: =SUM(H7:H13) -> 1000 | I14: =SUM(I7:I13) -> -38.46 | J14: =SUM(J7:J13) -> 0 | K14: =SUM(K7:K13) -> 0 | L14: =SUM(L7:L13) -> 100 | M14: =SUM(M7:M13) -> 0 | N14: =SUM(N7:N13) -> 0 | O14: =SUM(O7:O13) -> 0 | Q14: =SUM(Q7:Q13) -> 116.7694 | R14: =SUM(R7:R13) -> 138.0002 | S14: =SUM(S7:S13) -> 254.7696 | T14: =SUM(T7:T13) -> 4.7 | U14: =SUM(U7:U13) -> 4.7 | V14: =SUM(V7:V13) -> 9.4 | W14: =SUM(W7:W13) -> 11.75 | X14: =SUM(X7:X13) -> 41.15 | ... Z14: =SUM(Z7:Z13) -> 928.3206

Sheet Payslip
A1: PAYSLIP
B3: Company Name : ABC
B4: Salary Period | C4: : | D4: ='Salary Listing'!C2 -> 44743 | I4: PV No. | J4: :
B5: Employee Name | C5: : | I5: Position | J5: :
B6: Employee No. | C6: : | I6: Hire Date | J6: :
B7: NRIC No. | C7: : | I7: KWSP No. | J7: :
B8: Payment via | C8: : | I8: PERKESO No. | J8: :
B9: Bank Acct no | C9: : | I9: Income Tax No :
B11: PAYROLL DETAILS
B12: EARNING | D12: Rate | G12: # of Days | K12: Amount
B13: BASIC PAY | D13: RM | E13: 1000 | J13: RM | K13: =E13 -> 1000
B14: Unpaid Leave | G14: 1 | H14: days | J14: RM | K14: =-K13/26*G14 -> -38.461538
B15: OT
B16: NORMAL | D16: 0 | E16: hrs X RM | J16: RM | K16: =D16*F16*H16 -> 0
B17: PUBLIC HOLIDAY | D17: 0 | E17: hrs X RM | J17: RM | K17: =D17*F17*H17 -> 0
B18: Bonus | J18: RM | K18: 0
K19: ------------
J20: RM | K20: =SUM(K13:K18) -> 961.53846
K21: ------------
B23: DEDUCTION | D23: Rate | K23: Amount
B24: Employee KWSP | D24: (9%) | J24: RM | K24: ='Salary Listing'!Q7 -> 116.7694
B25: Employee PERKESO | J25: RM | K25: ='Salary Listing'!W7 -> 11.75
B26: Employee EIS | J26: RM | K26: ='Salary Listing'!T7 -> 4.7
B28: ADDITIONAL | K28: Amount
B29: Perfomance allowance | J29: RM | K29: 0
B30: Travelling allowance | J30: RM | K30: 0
B31: Commission | J31: RM | K31: 0
K32: ------------
B33: NETT PAY | J33: RM | K33: =K20-K24-K25-K26+K29+K30+K31 -> 828.31906
K34: ------------
B36: Employer KWSP | D36: (13%) | J36: RM | K36: ='Salary Listing'!R7 -> 138.0002
B37: Employer PERKESO | J37: RM | K37: ='Salary Listing'!X7 -> 41.15
B38: Employer EIS | J38: RM | K38: ='Salary Listing'!U7 -> 4.7
A41: Leave Title | D41: Entitlement (Days) | G41: Taken (Days) | J41: Balance (Days)
A42: Annual Leave | D42: 0 | G42: 0 | J42: =D42-G42 -> 0
A43: Sick Leave | D43: 0 | G43: 0 | J43: =D43-G43 -> 0

Sheet Company information
A2: Please confirm the following information: (Check List)
A3: 1. Standard Working Day:
A4: Is it 26 days per month or based on the actual number of days in each month?
A5: Do employees work 5 or 6 days per week?
A6: 2. Standard Working Hours:
A7: How many hours per day?
A8: 3. Off Days / Unpaid Leave:
A9: Are there fixed off days for each worker? If not, please obtain details from the client.
A10: 4. Late Arrivals:
A11: Is there a salary deduction for late arrivals?
A12: 5. Allowances:
A13: Are there any fixed allowances provided?
... A46: Now: All employees are covered under the Employment Act, except for the following provisions which only apply to the categories that were previously covered under the Employment Act, with the wages limit increased to RM4,000 instead of RM2,000: overtime pay for work on normal workday, rest day or public holiday; shift work allowance; termination, lay-off and retirement benefits.

Sheet Kelvin Ang
B1: PAYSLIP
B3: Company Name : DIAGON ALLEY (M) SDN BHD
B4: Salary Period | C4: : | D4: ='Salary Listing'!C2 -> 44743 | I4: PV No. | J4: :
B5: Employee Name | C5: : | D5: Kelvin Ang | I5: Position | J5: : | K5: WAITER
B6: Employee No. | C6: : | I6: Hire Date | J6: :
B7: NRIC No. | C7: : | I7: KWSP No. | J7: :
B8: Payment via | C8: : | D8: Banking | I8: PERKESO No. | J8: :
B9: Bank Acct no | C9: : | I9: Income Tax No :
B11: PAYROLL DETAILS
B12: EARNING | D12: Rate | G12: # of Days | K12: Amount
B13: BASIC PAY | D13: RM | E13: 1350 | J13: RM | K13: =E13 -> 1350
B14: Unpaid Leave | G14: 1 | H14: days | J14: RM | K14: =-K13/26*G14 -> -51.923077
B15: OT (Normal) | D15: 0 | E15: hrs X RM | F15: 0 | G15: X | H15: 1.5 | J15: RM | K15: 0
B16: OT (RestDay) | D16: 0 | E16: hrs X RM | F16: 6.49 | G16: X | H16: 2 | J16: RM | K16: =D16*F16*H16 -> 0
B17: OT (Replaced Day) | D17: 0 | E17: days X RM | F17: 51.92 | J17: RM | K17: =+D17*F17 -> 0
B18: OT (Fix) | J18: RM | K18: 432.69
B19: Bonus | J19: RM | K19: 0
B20: Others: Bal A/L | D20: 0 | E20: days X RM | F20: 0 | J20: RM | K20: =D20*F20 -> 0
K21: ------------
J22: RM | K22: =SUM(K13:K20) -> 1730.7669
K23: ------------
B25: DEDUCTION | D25: Rate | K25: Amount
B26: Employee KWSP | D26: (11%) | J26: RM | K26: 154
B27: Employee PERKESO | J27: RM | K27: 6.75
B28: Employee EIS | J28: RM | K28: 2.7
B29: Others | J29: RM | K29: -
B31: ADDITIONAL | K31: Amount
B32: Attendance allowance | J32: RM | K32: 100
B33: Travelling allowance | J33: RM | K33: 200
B34: Monthly commission | D34: 0 | E34: RM/ cups | F34: 1 | G34: X | H34: 0 | J34: RM | K34: =D34/F34*H34 -> 0
K36: ------------
B37: NETT PAY | J37: RM | K37: =K22+K32+K33+K34-K28-K26-K27 -> 1867.3169
K38: ------------
B40: Employer KWSP | D40: (13%) | J40: RM | K40: 182
B41: Employer PERKESO | J41: RM | K41: 23.65
B42: Employer EIS | J42: RM | K42: =K28 -> 2.7
A45: Leave Title | D45: Entitlement (Days) | G45: Taken (Days) | J45: Balance (Days)
A46: Annual Leave | D46: 0 | G46: 0 | J46: =D46-G46 -> 0
A47: Sick Leave | D47: 0 | G47: 0 | J47: =D47-G47 -> 0

Sheet Sheet1
A1: Chai Xin Yi (May)
A2: Ho Wen Kee
A3: Jordan Lee
A4: Katrina Haw Wen Juin (Haw Han Chuan)
A5: Koi Kui Huat
A6: Lee Jun Wei
A7: Liang Yu Hang
A8: Liew Chang Jin (Joe)
A9: Liow Poh Chin
A10: Liow Zhi Xin
A11: Myra Vanity Teoh Ying Ying
A12: Nyon Ciu Pei
... A21: Yong Pei Fong
